AoeStats
← DildoSwaggins

Nomad

510724764Analyzed
4v4 RM · 1d ago on Oct 2, 2026· 80m 1s· 8 players
Game mode
Random Map
Map size
231×231
Population
200
Speed
Normal
Resources
Standard
Victory
Conquest
Starting age
Dark Age
Ending age
Imperial Age
RankedLock teamsTeams togetherTeam positionsShared explorationLock speedFull tech treeHidden civsTurbo modeCheats
Victory
Defeat
🇫🇷 Japanese · France
919
+9
🇺🇸 Portuguese · United States
913
+32
🇭🇰 Turks · Hong Kong SAR China
867
+11
🇭🇰 Vietnamese · Hong Kong SAR China
829
+14
🇿🇦 Byzantines · South Africa
797
-12
🇸🇰 Persians · Slovakia
791
-12
🇨🇳 Franks · China
762
-11
🇪🇸 Mongols · Spain
700
-9
Šimon
3:55 Loom
12:22 Feudal Age
12:37 Horse Collar
14:06 Wheelbarrow
20:46 Gold Mining
24:49 Castle Age
24:49 Stone Mining
25:03 Double-Bit Axe
25:20 Heavy Plow
26:14 Hand Cart
28:44 Gold Shaft Mining
33:58 Fervor
33:49 Devotion
38:35 Imperial Age
38:07 Stone Shaft Mining
39:23 Crop Rotation
39:06 Bow Saw
39:08 Padded Archer Armor
38:58 Fletching
39:14 Scale Barding Armor
39:09 Scale Mail Armor
39:20 Forging
38:38 Heavy Scorpion
40:35 Squires
39:56 Pikeman
42:37 Chain Barding Armor
42:34 Chain Mail Armor
42:34 Leather Archer Armor
45:08 Crossbowman
45:53 Thumb Ring
53:03 Town Watch
54:50 Cavalier
55:31 Husbandry
56:58 Two-Man Saw
56:44 Savar
62:10 Plate Barding Armor
70:00 Fishing Lines
VerrücktMan
14:48 Feudal Age
15:26 Loom
18:32 Man-at-Arms
25:48 Double-Bit Axe
26:44 Horse Collar
32:33 Wheelbarrow
32:26 Bloodlines
37:29 Castle Age
36:47 Scale Barding Armor
36:54 Forging
36:35 Fletching
36:46 Padded Archer Armor
38:10 Gold Mining
38:11 Stone Mining
39:26 Light Cavalry
41:47 Husbandry
43:54 Pikeman
44:35 Squires
49:54 Iron Casting
49:41 Chain Barding Armor
52:16 Bow Saw
53:08 Gold Shaft Mining
53:09 Stone Shaft Mining
52:49 Heavy Plow
54:02 Bodkin Arrow
54:23 Leather Archer Armor
54:09 Scale Mail Armor
56:04 Hand Cart
61:25 Imperial Age
60:39 Chain Mail Armor
62:42 Conscription
63:48 Bracer
64:49 Blast Furnace
65:44 Hussar
69:45 Elite Mangudai
715113342
3:35 Loom
15:56 Feudal Age
19:49 Castle Age
21:00 Wheelbarrow
20:14 Double-Bit Axe
20:24 Stone Mining
20:24 Gold Mining
22:46 Hand Cart
36:06 Pikeman
36:47 Squires
36:32 Arson
39:50 Imperial Age
37:51 Husbandry
41:10 Halberdier
41:45 Cavalier
45:08 Paladin
58:33 Scale Barding Armor
58:30 Scale Mail Armor
58:41 Forging
58:21 Fletching
58:32 Padded Archer Armor
61:25 Chain Barding Armor
61:21 Chain Mail Armor
Hondkop
3:23 Loom
17:36 Feudal Age
25:33 Castle Age
29:05 Padded Archer Armor
28:56 Fletching
31:06 Elite Skirmisher
34:01 Bodkin Arrow
38:00 Pikeman
51:42 Squires
55:49 Double-Bit Axe
56:45 Wheelbarrow
58:29 Forging
58:20 Scale Mail Armor
62:41 Gambesons
62:43 Arson
65:42 Imperial Age
65:45 Leather Archer Armor
66:06 Iron Casting
65:47 Chain Mail Armor
67:50 Chemistry
68:21 Ballistics
67:58 Murder Holes
68:11 Bracer
68:42 Ring Archer Armor
67:37 Halberdier
70:44 Hand Cart
72:15 Bombard Tower
71:40 Treadmill Crane
73:30 Conscription
DildoSwaggins
20:10 Feudal Age
25:15 Double-Bit Axe
31:54 Horse Collar
34:33 Castle Age
42:34 Bow Saw
53:49 Husbandry
55:56 Heavy Plow
55:25 Elite Skirmisher
58:31 Wheelbarrow
74:36 Imperial Age
72:53 Ballistics
72:47 Forging
72:30 Fletching
72:41 Padded Archer Armor
73:17 Pikeman
73:48 Gambesons
73:51 Arson
74:11 Gold Mining
77:48 Elite Organ Gun
78:41 Circumnavigation
80:05 Iron Casting
79:31 Scale Mail Armor
79:47 Leather Archer Armor
79:28 Bodkin Arrow
F-I-R-O
5:55 Loom
17:35 Feudal Age
24:26 Castle Age
myhoneyee
16:07 Feudal Age
21:36 Castle Age
20:11 Double-Bit Axe
21:03 Stone Mining
23:27 Gold Mining
24:52 Wheelbarrow
26:57 Pikeman
29:19 Bow Saw
29:35 Horse Collar
30:18 Fishing Lines
30:47 Heavy Plow
34:56 Imperial Age
35:28 Crossbowman
36:40 Arbalester
40:29 Chemistry
39:43 Halberdier
42:05 Fletching
42:15 Padded Archer Armor
42:26 Forging
42:16 Scale Mail Armor
46:54 Bodkin Arrow
47:15 Leather Archer Armor
50:25 Two-Man Saw
52:34 Bracer
53:04 Ring Archer Armor
52:56 Bombard Tower
52:57 Ballistics
70:38 Iron Casting
70:18 Chain Mail Armor
70:11 Thumb Ring
71:00 Squires
70:46 Arson
mytristan1122
14:05 Feudal Age
19:44 Castle Age
18:26 Horse Collar
18:58 Double-Bit Axe
21:35 Bow Saw
21:51 Fishing Lines
30:26 Fishing Lines
33:56 Gillnets
36:01 Wheelbarrow
36:39 Gold Mining
42:26 Imperial Age
40:05 Scale Barding Armor
41:08 Husbandry
43:13 Chain Barding Armor
42:56 Heavy Plow
43:55 Bloodlines
44:23 Town Watch
45:49 Heavy Camel Rider
47:54 Stone Mining
48:41 Gold Shaft Mining
49:32 Plate Barding Armor
49:08 Forging
48:58 Scale Mail Armor
52:19 Conscription
52:43 Iron Casting
52:23 Chain Mail Armor
58:29 Two-Man Saw
58:10 Hand Cart
60:01 Blast Furnace
59:16 Chain Mail Armor
60:03 Sipahi
63:59 Town Patrol
73:09 Plate Mail Armor
72:47 Elite Janissary
Connection lost

Rejoining the realm…

Still unreachable

The connection could not be restored.

Session expired

The server has moved on; the page needs a fresh start.